 Dungeon Crawl Stone Soup version 0.29-a0-717-g6dac4ea423 (webtiles) character file.

Game seed: 11409041754615939861

168704 indigestion the Warrior (level 17, 0/170 HPs)
             Began as a Minotaur Fighter on June 25, 2022.
             Was the Champion of the Shining One.
             Succumbed to a putrid mouth's dark miasma
             ... on level 1 of the Depths on June 27, 2022.
             The game lasted 04:00:36 (35498 turns).

indigestion the Warrior (Minotaur Fighter)         Turns: 35498, Time: 04:00:37

Health: 0/170      AC: 35    Str: 27    XL:     17   Next: 34%
Magic:  23/23      EV: 15    Int:  5    God:    the Shining One [******]
Gold:   1842       SH: 15    Dex: 18    Spells: 16/16 levels left

rFire   + . .      SeeInvis +   R - +0 battleaxe (freeze)
rCold   . . .      Faith    .   (shield currently unavailable)
rNeg    + + +      Spirit   .   y - +5 plate armour
rPois   .          Reflect  +   U - +2 hat
rElec   .          Harm     .   l - +2 cloak {Stlth+}
rCorr   .          Rampage  +   C - +2 pair of gloves "Fuuteh" {-Cast Rampage rF+ rN+ Stlth+}
Will    +....      NoCast   +   w - +2 pair of boots
Stlth   ..........              c - amulet of reflection
HPRegen 0.38/turn               q - ring of see invisible
MPRegen 0.18/turn               z - +6 ring of dexterity

@: lethally poisoned (0 -> -62), divinely shielded, slowed, glowing, studying
Ice Magic, very slow
A: horns 2, retaliatory headbutt, evolution 1, MP-powered wands
a: Renounce Religion, Divine Shield, Cleansing Flame, Summon Divine Warrior,
Brand Weapon With Holy Wrath


You were on level 1 of the Depths.
You worshipped the Shining One.
The Shining One was exalted by your worship.
You visited 9 branches of the dungeon, and saw 30 of its levels.
You visited the Abyss 1 time.
You also visited: Sewer and Bailey.

You collected 2821 gold pieces.
You spent 979 gold pieces at shops.

Inventory:

Hand Weapons
 j - a +2 great mace of freezing
 m - a +3 vorpal bardiche
 I - a +2 great sword of flaming
 R - a +0 battleaxe of freezing (weapon)
 T - a +2 antimagic war axe
 V - a +0 eveningstar of protection
 W - a +2 great mace of protection
Armour
 l - a +2 cloak of stealth (worn)
 r - a +1 tower shield
 w - a +2 pair of boots (worn)
 y - a +5 plate armour (worn)
 C - the +2 pair of gloves "Fuuteh" (worn) {-Cast Rampage rF+ rN+ Stlth+}
   (You acquired it on level 9 of the Dungeon)

   rF:        It protects you from fire.
   rN:        It protects you from negative energy.
   -Cast:     It prevents spellcasting.
   Rampage:   It bestows one free step when moving towards enemies.
   Stlth:     It makes you more stealthy.
 U - a +2 hat (worn)
Jewellery
 c - an amulet of reflection (around neck)
 g - a +6 ring of strength
 p - a ring of resist corrosion
 q - a ring of see invisible (left hand)
 z - a +6 ring of dexterity (right hand)
 B - a ring of protection from cold
 L - a +6 ring of intelligence
 P - a +4 ring of protection
Wands
 f - a wand of quicksilver (9)
 D - a wand of polymorph (12)
 F - a wand of charming (20)
 H - a wand of iceblast (9)
 X - a wand of mindburst (8)
 Y - a wand of flame (10)
Scrolls
 b - 3 scrolls of poison
 e - 2 scrolls of amnesia
 k - 2 scrolls of brand weapon
 n - 3 scrolls of blinking
 o - 4 scrolls of fear
 v - 11 scrolls of teleportation
 x - a scroll of vulnerability {unknown}
 A - 5 scrolls of fog
 G - a scroll of silence
 J - a scroll of enchant weapon {unknown}
 M - a scroll of immolation {unknown}
 O - a scroll of torment {unknown}
 Q - 7 scrolls of summoning
 S - 2 scrolls of magic mapping
Potions
 a - 2 potions of ambrosia
 d - 2 potions of might
 i - a potion of magic {unknown}
 s - 3 potions of berserk rage
 t - 2 potions of haste
 u - 6 potions of curing
 E - a potion of heal wounds
 K - 3 potions of flight
 N - 2 potions of cancellation
 Z - 2 potions of mutation
Miscellaneous
 h - a box of beasts


   Skills:
 - Level 20.0 Fighting
 * Level 8.2(14.3) Axes
 - Level 17.7(18.6) Maces & Flails
 - Level 5.0(8.0) Polearms
 - Level 5.0(13.0) Staves
 * Level 15.6 Armour
 - Level 12.7 Dodging
 - Level 15.0 Shields
 - Level 10.1 Invocations


You had 16 spell levels left.
You didn't know any spells.
Your spell library contained the following spells:

 Spells                   Type           Power      Damage    Failure   Level
 Apportation              Tloc           0%         N/A       97%         1
 Beastly Appendage        Tmut           0%         N/A       97%         1
 Magic Dart               Conj           0%         1d3       97%         1
 Slow                     Hex            0%         N/A       97%         1
 Sting                    Tmut/Pois      0%         1d3       97%         1
 Blink                    Tloc           0%         N/A       99%         2
 Call Imp                 Summ           0%         N/A       99%         2
 Static Discharge         Conj/Air       0%         N/A       99%         2
 Wereblood                Tmut           0%         N/A       99%         2
 Confusing Touch          Hex            0%         N/A       100%        3
 Dazzling Flash           Conj/Hex       0%         N/A       100%        3
 Inner Flame              Hex/Fire       0%         N/A       100%        3
 Mephitic Cloud           Conj/Pois/Air  0%         N/A       100%        3
 Spider Form              Tmut/Pois      0%         N/A       100%        3
 Summon Guardian Golem    Hex/Summ       0%         N/A       100%        3
 Tukima's Dance           Hex            0%         N/A       100%        3
 Vampiric Draining        Necr           0%         2d6       100%        3
 Animate Armour           Summ/Erth      0%         N/A       100%        4
 Dispel Undead            Necr           0%         3d6       100%        4
 Fulminant Prism          Conj/Hex       0%         3d6       100%        4
 Iskenderun's Mystic Bla  Conj/Tloc      0%         2d3       100%        4
 Leda's Liquefaction      Hex/Erth       0%         N/A       100%        4
 Olgreb's Toxic Radiance  Pois           0%         N/A       100%        4
 Petrify                  Tmut/Erth      0%         N/A       100%        4
 Sticky Flame             Conj/Fire      0%         2d3       100%        4
 Alistair's Intoxication  Tmut/Pois      0%         N/A       100%        5
 Blade Hands              Tmut           0%         N/A       100%        5
 Fireball                 Conj/Fire      0%         3d3       100%        5
 Irradiate                Conj/Tmut      0%         3d13      100%        5
 Iskenderun's Battlesphe  Conj           0%         2d6       100%        5
 Lee's Rapid Deconstruct  Erth           0%         3d5*      100%        5
 Manifold Assault         Tloc           0%         N/A       100%        5
 Conjure Ball Lightning   Conj/Air       0%         3x3d6     100%        6
 Starburst                Conj/Fire      0%         6d3       100%        6
 Statue Form              Tmut/Erth      0%         N/A       100%        6
 Dragon Form              Tmut           0%         N/A       100%        7
 Orb of Destruction       Conj           0%         9d5       100%        7
 Storm Form               Tmut/Air       0%         N/A       100%        7
 Discord                  Hex            0%         N/A       100%        8
 Ignition                 Fire           0%         3d3       100%        8


Dungeon Overview and Level Annotations

Branches:
Dungeon (15/15)            Temple (1/1) D:4            Lair (6/6) D:11
  Swamp (1/4) Lair:4        Snake (1/4) Lair:2        Slime (0/5) Lair:5
    Orc (2/2) D:11            Elf (1/3) Orc:2        Vaults (0/5) D:14
 Depths (2/4) D:15           Hell (visited)           Sewer (visited)
 Bailey (visited)
    Dis: Hell:1         Geh: Hell:1         Coc: Hell:1         Tar: Hell:1

Altars:
Ashenzari
Cheibriados
Dithmenos
Elyvilon
Fedhas
Gozag
Hepliaklqana
Kikubaaqudgha
Nemelex Xobeh
Okawaru
Ru
Sif Muna
Trog
Uskayaw
Vehumet
Wu Jian
Xom
Yredelemnul
Zin
The Shining One

Shops:
D:8 ?   D:10 (   D:14 :   Orc:2 =*[*   Depths:1 *

Portals:
Hell: Depths:1
Pandemonium: Orc:2
Ziggurat: Depths:1
Trove: D:13 (show abyssal rune of Zot)

Annotations:
D:9 3 runed translucent doors, blackman's ghost, journeyman HuMo
D:11 3 runed translucent doors, Pooter's ghost, journeyman MiBe
Hell Geryon


Innate Abilities, Weirdness & Mutations

You have a pair of horns on your head.
You reflexively headbutt those who attack you in melee.
You have hidden genetic potential.
You expend magic power (3 MP) to strengthen your wands.


Message History

You slice the putrid mouth!! You freeze the putrid mouth.
You headbutt the putrid mouth!
The putrid mouth is heavily damaged.
You hit the putrid mouth but do no damage.
You hit the hell beast but do no damage.
You are engulfed in dark miasma.
You are more poisoned.
You feel extremely sick. The hell beast barely misses you.
You block the hell beast's attack.
The putrid mouth bites you but does no damage.
You block the putrid mouth's attack. The putrid mouth bites you.
You are lethally poisoned!
The putrid mouth poisons you! You block the putrid mouth's attack.
The reaper hits you from afar with a +2 antimagic scythe.
A hellephant comes into view.
The hell beast closely misses you.
The hell beast tramples you but does no damage.
You are engulfed in dark miasma.
You are more poisoned.
You feel as though you will be slow longer.
* * * LOW HITPOINT WARNING * * *
You feel extremely sick. The reaper hits you but does no damage.
The hellephant blinks!
The putrid mouth misses you. You block the putrid mouth's attack. x2
The putrid mouth closely misses you. The hell beast barely misses you.
You furiously retaliate!
You headbutt the hell beast. The hell beast completely misses you.
You block the reaper's attack. The putrid mouth throws miasma at you.
The foul vapour misses you. The putrid mouth misses you.
The putrid mouth claws you.
* * * LOW HITPOINT WARNING * * *
You block the hell beast's attack.
The hell beast tramples you but does no damage.
Thank you for visiting Hell.
Please come again soon.
You go up through the gate.
Welcome back to the Depths!
* * * LOW HITPOINT WARNING * * *
You feel extremely sick.
There is a gateway to Hell, spattered with blood here.
You feel much better.
You die...

#........# ####.....# #
#........# ####'## # ######.###
#..# # ###...##### #.## #
####.........# #.# ####
...#.........######.##########...
##......)....##........#.....'...
###........)##÷.W...............
#....[...[†[.@................
#.....>...#)W[÷......######^..
####.######.........#......#..
#.# ##........#..##^.#.. #.#
##.####..#.#.}#.#.. #.# #.#
#..#.#).#.#.. #.### #.#
#..#.^##^.#.. #...# #.##
#..#......#.. #####.### #..#
#...######...


You could see 2 putrid mouths.

Vanquished Creatures
  A walking earthen tome (Depths:1)
  A tentacled monstrosity (Depths:1)
  A deep elf blademaster (Depths:1)
  Gastronok (Lair:1)
  3 tentacled starspawn (Abyss:2)
  Kirke (Lair:4)
  2 fire giants (Depths:1)
  The ghost of Ryruocesk the Eclecticist, an adept DEFE of Vehumet (D:15)
  2 frost giants
  An orc warlord (D:11)
  A war gargoyle (Depths:1)
  A spriggan defender (Depths:1)
  2 lorocyprocas (Depths:1)
  A putrid mouth (Depths:1)
  2 dire elephants (Lair:6)
  Snorg (Lair:5)
  Josephine (Orc:1)
  4 ettins (Depths:1)
  A fire dragon (Depths:1)
  3 ice dragons (Depths:1)
  2 rakshasas (Abyss:2)
  8 vault guards (D:14)
  11 hydras
  2 spriggan air magi (Depths:1)
  3 boulder beetles
  4 centaur warriors
  A demonspawn (Orc:2)
  5 two-headed ogres
  3 deep troll shamans (Depths:1)
  13 death yaks
  A death knight (D:14)
  A naga warrior (Snake:1)
  4 tengu warriors
  Urug (Lair:1)
  6 orc high priests (Orc:2)
  2 hell hogs (Depths:1)
  A dancing weapon (Depths:2)
  A storm dragon zombie (Hell)
  8 sun demons
  2 spectral death yaks (Lair:6)
  A wretched star (Abyss:2)
  A spriggan berserker (Depths:1)
  3 soul eaters
  Amaemon (D:11)
  2 iron trolls (Depths:1)
  5 skeletal warriors (D:13)
  A deep troll (Depths:1)
  A flayed ghost (Abyss:2)
  A spectral anaconda (Lair:6)
  An obsidian statue (Lair:6)
  3 wizards
  8 orc knights
  6 necromancers
  3 deep elf pyromancers
  A bog body (Lair:4)
  A deep elf zephyrmancer (D:15)
  6 cyclopes
  9 orc sorcerers
  A salamander (Snake:1)
  5 manticores
  2 apocalypse crabs (Abyss:2)
  A centaur zombie (D:15)
  8 ugly things
  A frost giant skeleton (Depths:1)
  A guardian serpent (shapeshifter) (Abyss:2)
  14 elephants
  2 black mambas
  A gargoyle (D:11)
  A smoke demon (Orc:2)
  2 guardian serpents
  An orange demon (D:11)
  16 cane toads
  4 kobold demonologists
  A rime drake (Lair:1)
  2 efreet
  2 unseen horrors (D:12)
  3 freezing wraiths (D:14)
  5 tengu conjurers
  An ancient zyme (Abyss:2)
  7 ice devils (Depths:1)
  4 komodo dragons
  2 hellwings
  2 harpy zombies (Hell)
  7 trolls
  A sea snake skeleton (Hell)
  5 polar bears
  3 hornets
  A spectral elephant (Lair:6)
  A queen bee (D:10)
  15 blink frogs
  8 slime creatures
  A fire giant simulacrum (Depths:1)
  6 large abominations (Abyss:2)
  3 centaur simulacra
  A jumping spider (shapeshifter) (Depths:1)
  A culicivora (shapeshifter) (D:13)
  5 flying skulls (Abyss:2)
  A shadow (D:9)
  2 fire bats (Lair:2)
  2 spriggans (Depths:1)
  3 ynoxinuls
  65 yaks
  5 wraiths
  4 wyverns
  A hog (Lair:4)
  5 chaos spawn
  A neqoxec (Orc:2)
  9 basilisks
  7 vampire mosquitoes
  A death yak simulacrum (Lair:6)
  Edmund (D:4)
  3 swamp worms (Lair:4)
  2 wargs (Orc:2)
  A glowing shapeshifter zombie (Depths:1)
  3 nagas (Snake:1)
  18 water moccasins
  9 hell hounds
  29 orc warriors
  2 ice beasts (D:8)
  A black bear (shapeshifter) (D:15)
  A black bear (D:8)
  6 starcursed masses (Abyss:2)
  2 sky beasts
  An ogre (shapeshifter) (D:13)
  17 ogres
  10 centaurs
  23 wolves
  An elephant skeleton (Lair:6)
  3 small abominations (Abyss:2)
  9 kobold brigands
  14 bullfrogs
  9 gnoll sergeants
  2 cane toad simulacra (Lair:6)
  2 necrophages
  4 scorpions
  9 wights
  21 killer bees
  2 electric eels
  4 howler monkeys (D:7)
  5 lava snakes (D:9)
  7 hounds
  A quasit (Abyss:2)
  9 gnoll shamans
  24 orc priests
  3 jellies
  Crazy Yiuf (D:4)
  5 iguanas
  Natasha (thrice) (D:3)
  24 orc wizards
  11 gnolls
  15 adders
  5 river rats (Sewer)
  4 shadow imps
  2 white imps
  5 ufetubi
  5 worms
  3 dart slugs
  89 orcs
  11 ball pythons
  2 bats
  7 endoplasms
  4 giant cockroaches
  11 goblins
  17 hobgoblins
  8 jackals
  37 kobolds
  4 quokkas (D:4)
  12 frilled lizards
  21 rats
981 creatures vanquished.

Vanquished Creatures (collateral kills)
  A shadow dragon skeleton (Hell)
1 creature vanquished.

Vanquished Creatures (others)
  A manticore (D:15)
  2 humans (Lair:4)
  2 demonic plants (D:8)
  A fire vortex (Lair:2)
  20 fungi
  44 plants
  2 starspawn tentacles (Abyss:2)
  20 withered plants (Lair:6)
92 creatures vanquished.

Grand Total: 1074 creatures vanquished

Notes
Turn   | Place    | Note
-------+----------+-------------------------------------------
     0 | D:1      | indigestion the Minotaur Fighter began the quest for the
                  | Orb.
     0 | D:1      | Reached XP level 1. HP: 19/19 MP: 0/0
   238 | D:1      | Found a faded altar of an unknown god.
   269 | D:1      | Reached XP level 2. HP: 27/27 MP: 1/1
   277 | D:1      | Reached skill level 4 in Fighting
   379 | D:1      | Reached skill level 1 in Dodging
   747 | D:1      | Reached XP level 3. HP: 33/33 MP: 2/2
  1535 | D:2      | Reached XP level 4. HP: 40/40 MP: 3/3
  2029 | D:3      | Noticed Natasha
  2036 | D:3      | Killed Natasha
  2087 | D:3      | Identified the +7 short sword "Nisomang" {vorpal, Will+
                  | rCorr Dex-5 Stlth+}
  2108 | D:3      | Reached XP level 5. HP: 33/47 MP: 4/4
  2309 | D:3      | Noticed Natasha
  2330 | D:3      | Killed Natasha
  2403 | D:3      | Reached skill level 5 in Maces & Flails
  2492 | D:3      | Noticed Natasha
  2500 | D:3      | Killed Natasha
  2501 | D:3      | Reached XP level 6. HP: 40/55 MP: 5/5
  2837 | D:3      | Reached skill level 5 in Fighting
  3505 | D:4      | Found a staircase to the Ecumenical Temple.
  3619 | D:4      | Found a glowing drain.
  3628 | Sewer    | Entered a sewer
  3974 | Sewer    | Reached XP level 7. HP: 62/62 MP: 6/6
  4418 | D:4      | Noticed Edmund
  4432 | D:4      | Reached skill level 6 in Fighting
  4448 | D:4      | Killed Edmund
  4449 | D:4      | Reached skill level 5 in Shields
  4594 | D:4      | Found a runed translucent door.
  4595 | D:4      | Noticed Crazy Yiuf
  4605 | D:4      | Killed Crazy Yiuf
  4788 | Temple   | Entered the Ecumenical Temple
  5048 | Temple   | Became a worshipper of the Shining One
  5091 | D:5      | Entered Level 5 of the Dungeon
  5095 | D:5      | Reached skill level 5 in Armour
  5202 | D:5      | Reached skill level 1 in Axes
  5202 | D:5      | Reached skill level 1 in Polearms
  5202 | D:5      | Reached skill level 1 in Staves
  5321 | D:5      | Reached XP level 8. HP: 71/71 MP: 7/7
  5620 | D:5      | Found a sacrificial altar of Ru.
  5621 | D:5      | Found a glowing silver altar of Zin.
  6472 | D:6      | Reached * piety under the Shining One
  6842 | D:7      | Reached XP level 9. HP: 78/78 MP: 8/8
  7649 | D:8      | Reached skill level 10 in Maces & Flails
  7735 | D:8      | Reached ** piety under the Shining One
  7741 | D:8      | Paralysed by a hornet for 2 turns
  7791 | D:8      | Reached skill level 5 in Axes
  7803 | D:8      | Reached skill level 5 in Polearms
  7803 | D:8      | Reached skill level 5 in Staves
  8183 | D:8      | Identified 2 scrolls of acquirement
  8304 | D:8      | Noticed a troll
  8308 | D:8      | Killed a troll
  8309 | D:8      | Reached skill level 7 in Fighting
  8337 | D:8      | Reached XP level 10. HP: 71/86 MP: 9/9
  8408 | D:8      | Noticed a deep elf pyromancer
  8415 | D:8      | Killed a deep elf pyromancer
  8530 | D:8      | Found a hide-covered altar of Uskayaw.
  8530 | D:8      | Found a radiant altar of Vehumet.
  8550 | D:8      | Got the Incunabulum of Poisoning and Hexes
  8591 | D:8      | Found Pielounu's Magic Scroll Emporium.
  8634 | D:8      | Bought a scroll of magic mapping for 42 gold pieces
  8634 | D:8      | Acquired a manual of Fighting
  8966 | D:9      | Found a flagged portal.
  8983 | D:9      | Acquired the +2 pair of gloves "Fuuteh" {-Cast Rampage rF+
                  | rN+ Stlth+}
  8997 | Bailey   | Entered a bailey
  8997 | Bailey   | Reached *** piety under the Shining One
  9079 | Bailey   | Reached skill level 8 in Fighting
  9958 | D:9      | Reached skill level 9 in Fighting
  9978 | D:9      | Reached skill level 10 in Fighting
  9992 | D:9      | Reached skill level 11 in Fighting
 10004 | D:9      | Reached skill level 12 in Fighting
 10254 | D:9      | Found a runed translucent gate.
 10254 | D:9      | Found a runed translucent gate.
 10254 | D:9      | Found a runed translucent gate.
 10255 | D:9      | Reached **** piety under the Shining One
 10255 | D:9      | Noticed blackman's ghost (journeyman HuMo)
 10289 | D:9      | Noticed a sun demon
 10303 | D:9      | Noticed a smoke demon
 10307 | D:9      | Reached skill level 13 in Fighting
 10307 | D:9      | Reached XP level 11. HP: 107/107 MP: 10/10
 10425 | D:9      | Reached skill level 14 in Fighting
 10431 | D:9      | Noticed a five-headed hydra
 10446 | D:9      | Killed a five-headed hydra
 10447 | D:9      | Reached skill level 15 in Fighting
 11019 | D:9      | Noticed a centaur warrior
 11053 | D:9      | Killed a centaur warrior
 11054 | D:9      | Reached skill level 16 in Fighting
 11622 | D:10     | Entered Level 10 of the Dungeon
 11622 | D:10     | Found Zomainuf's Antique Weapon Boutique.
 11805 | D:10     | Reached skill level 1 in Invocations
 12417 | D:10     | Reached ***** piety under the Shining One
 12771 | D:11     | Found a staircase to the Orcish Mines.
 12778 | D:11     | Noticed Amaemon
 12817 | D:11     | Killed Amaemon
 12818 | D:11     | Reached XP level 12. HP: 111/122 MP: 12/12
 12972 | D:11     | Found a runed translucent gate.
 12972 | D:11     | Found a runed translucent gate.
 13501 | D:11     | Found a staircase to the Lair.
 13803 | D:11     | Found a runed translucent gate.
 13806 | D:11     | Noticed Pooter's ghost (journeyman MiBe)
 13956 | D:11     | Found a shimmering blue altar of Sif Muna.
 14042 | Orc:1    | Entered Level 1 of the Orcish Mines
 14092 | Lair:1   | Entered Level 1 of the Lair of Beasts
 14120 | Lair:1   | Reached skill level 10 in Armour
 14693 | Lair:1   | Noticed Urug
 14757 | Lair:1   | Killed Urug
 15175 | Lair:1   | Noticed Gastronok
 15608 | Orc:1    | Noticed Josephine
 15611 | Orc:1    | Killed Josephine
 15615 | Orc:1    | Noticed an orc warlord
 15637 | Orc:2    | Entered Level 2 of the Orcish Mines
 15691 | D:11     | Killed an orc warlord
 16048 | Orc:1    | Reached skill level 10 in Shields
 16277 | Orc:1    | Noticed a two-headed ogre
 16277 | Orc:1    | Noticed a two-headed ogre
 16278 | Orc:1    | Noticed a two-headed ogre
 16291 | Orc:1    | Killed a two-headed ogre
 16292 | Orc:1    | Reached skill level 5 in Invocations
 16295 | Orc:1    | Killed a two-headed ogre
 16296 | Orc:1    | Reached XP level 13. HP: 103/128 MP: 12/15
 17132 | Orc:2    | Found a staircase to the Elven Halls.
 17138 | Elf:1    | Entered Level 1 of the Elven Halls
 17739 | Orc:2    | Found Cebane's General Store.
 17780 | Orc:2    | Gained mutation: You are clumsy. (Dex -2) [a neqoxec]
 17783 | Orc:2    | Gained mutation: You are weak. (Str -2) [a neqoxec]
 17799 | Orc:2    | Found Xavyitseunn's General Store.
 17891 | Orc:2    | Bought a scroll of summoning for 104 gold pieces
 18058 | Orc:2    | Reached ****** piety under the Shining One
 18897 | Orc:2    | Found Jiro's Jewellery Emporium.
 18897 | Orc:2    | Found Odgheubiv's Antique Armour Shoppe.
 18897 | Orc:2    | Found a one-way gate leading to the halls of Pandemonium.
 18926 | Orc:2    | Bought a kite shield for 157 gold pieces
 18939 | Orc:2    | Bought an amulet of reflection for 300 gold pieces
 18939 | Orc:2    | Bought a ring of resist corrosion for 200 gold pieces
 19219 | Lair:1   | Killed Gastronok
 19220 | Lair:1   | Reached skill level 10 in Invocations
 19742 | Lair:2   | You fall into a shaft and drop 2 floors!
 19792 | Lair:4   | Noticed Kirke
 19810 | Lair:4   | Killed Kirke
 19811 | Lair:4   | Reached skill level 15 in Maces & Flails
 19842 | Lair:4   | Reached XP level 14. HP: 50/138 MP: 20/20
 20096 | Lair:3   | Upgraded the game from 0.29-a0-700-g2f1814c7b2 to
                  | 0.29-a0-717-g6dac4ea423
 20912 | Lair:2   | Found a staircase to the Snake Pit.
 21402 | Lair:3   | Reached skill level 17 in Fighting
 23001 | Lair:4   | Found a staircase to the Swamp.
 23015 | Swamp:1  | Entered Level 1 of the Swamp
 23401 | Lair:5   | Noticed Snorg
 23410 | Lair:5   | Killed Snorg
 23536 | Lair:5   | Found a staircase to the Slime Pits.
 24030 | Lair:6   | Entered Level 6 of the Lair of Beasts
 24637 | Lair:6   | Reached skill level 18 in Fighting
 24809 | Lair:6   | Found the +0 staff of Battle
 24827 | Lair:6   | Reached XP level 15. HP: 117/149 MP: 21/21
 24947 | Lair:6   | Got Roxanne's Incunabulum of Shifting Clay
 26625 | Snake:1  | Entered Level 1 of the Snake Pit
 27119 | D:12     | Reached skill level 19 in Fighting
 28130 | D:13     | Found a portal to a secret trove of treasure.
 28573 | Abyss:2  | Cast into level 2 of the Abyss (a wizard)
 28843 | Abyss:2  | Noticed a tentacled starspawn
 28851 | Abyss:2  | Killed a tentacled starspawn
 29173 | Abyss:2  | Noticed a tentacled starspawn
 29182 | Abyss:2  | Killed a tentacled starspawn
 29183 | Abyss:2  | Reached skill level 15 in Shields
 29183 | Abyss:2  | Reached XP level 16. HP: 113/162 MP: 22/22
 29329 | Abyss:2  | Noticed a tentacled starspawn
 29336 | Abyss:2  | Killed a tentacled starspawn
 29394 | Abyss:2  | Reached skill level 20 in Fighting
 29401 | D:14     | Escaped the Abyss
 29460 | D:14     | Reached skill level 5 in Dodging
 29576 | D:14     | Found a gate to the Vaults.
 30144 | D:14     | Found Apalirgho's Book Shop.
 30200 | D:15     | Entered Level 15 of the Dungeon
 30425 | D:15     | Identified the +6 quarterstaff "Ysulek" {freeze, Str+4}
 30691 | D:15     | Found a large runed translucent door.
 30693 | D:15     | Found a large runed translucent door.
 30742 | D:15     | Noticed Ryruocesk's ghost (adept DEFE)
 30802 | D:15     | Reached skill level 10 in Dodging
 30814 | D:15     | Found a staircase to the Depths.
 31272 | D:15     | Killed Ryruocesk's ghost
 31367 | Depths:1 | Entered Level 1 of the Depths
 31398 | Depths:1 | Found Jamuofoh's Changing Room.
 31418 | Depths:1 | Bought a potion of mutation for 176 gold pieces
 31418 | Depths:1 | Lost mutation: You are weak. (Str -2) [potion of mutation]
 31418 | Depths:1 | Lost mutation: You are clumsy. (Dex -2) [potion of
                  | mutation]
 31418 | Depths:1 | Gained mutation: Your flesh is cold resistant. (rC+)
                  | [potion of mutation]
 31418 | Depths:1 | Gained mutation: You occasionally lose the ability to drink
                  | potions when taking damage. [potion of mutation]
 31418 | Depths:1 | Gained mutation: Your muscles are strong. (Str +4, Int/Dex
                  | -1) [potion of mutation]
 31418 | Depths:1 | Gained mutation: You have hidden genetic potential. [potion
                  | of mutation]
 31484 | Depths:1 | Noticed a tentacled monstrosity
 31484 | Depths:1 | Noticed a walking earthen tome
 31501 | Depths:1 | Killed a tentacled monstrosity
 31566 | Depths:1 | Killed a walking earthen tome
 31682 | Depths:1 | Lost mutation: You occasionally lose the ability to drink
                  | potions when taking damage. [potion of mutation]
 31682 | Depths:1 | Lost mutation: Your flesh is cold resistant. (rC+) [potion
                  | of mutation]
 31682 | Depths:1 | Lost mutation: Your muscles are strong. (Str +4, Int/Dex
                  | -1) [potion of mutation]
 31682 | Depths:1 | Gained mutation: You expend magic power (3 MP) to
                  | strengthen your wands. [potion of mutation]
 31706 | Depths:1 | Found a gateway to Hell.
 32072 | Depths:1 | Found a one-way gateway to a ziggurat.
 33239 | Hell     | Entered the Vestibule of Hell
 33239 | Hell     | Noticed Geryon
 33257 | Depths:1 | Got the Disquisition on Bewitchment and Displacement
 33285 | Depths:2 | Noticed a deep elf blademaster
 33300 | Depths:1 | Reached XP level 17. HP: 47/170 MP: 20/23
 33669 | Depths:1 | Killed a deep elf blademaster
 34096 | Depths:1 | HP: 6/170 [poisoned by a putrid mouth (dark miasma)]
 34517 | Depths:2 | Reached skill level 15 in Armour
 35495 | Hell     | Noticed a hellephant
 35497 | Depths:1 | HP: 2/170 [poisoned by a putrid mouth (dark miasma)]
 35498 | Depths:1 | Succumbed to a putrid mouth's dark miasma

Illustrated notes

Levels and vault maps discovered:
D:1:      evilmike_arrival_come_back, layout_loops_corners,
          shapermc_ecumenical_altar_notcrosses, minmay_misc_feat_square
D:2:      layout_basic
D:3:      minmay_razor_zed, layout_basic, minmay_misc_feat_tower, uniq_natasha
D:4:      layout_rooms, temple_statues, gup_sewer_entry_bubbles,
          dreamdust_mushroom_princess, uniq_crazy_yiuf_cottage, uniq_edmund
D:5:      minmay_inner_zag, layout_rooms, nicolae_overflow_hidden_temple,
          chequers_serial_rivers_small_b, corexii_corridor_pit
D:6:      layout_gridville
D:7:      layout_loops_ring
D:8:      cheibrodos_barr_body, layout_loops_ring,
          chequers_temple_overflow_statue_of_worship, serial_shops, shop,
          serial_demonic, serial_demonic_c, serial_demonic_b, serial_demonic_e,
          serial_demonic_c
D:9:      kennysheep_big_flooded_room, layout_loops_ring, enter_bailey_4,
          gammafunk_ghost_spectres
D:10:     layout_irregular_city, serial_shops, nicolae_shop_trees,
          nicolae_looking_at_the_future
D:11:     layout_cave_pools, lair_entry_dummy, orc_0_dummy,
          gammafunk_ghost_nasty_kobolds, serial_co_window_serial,
          co_window_of_opportunity_a, co_window_paths_a, co_window_paths_b,
          co_window_of_opportunity_a, co_window_paths_b,
          co_window_of_opportunity_b, co_window_cross_2, co_window_corner_b,
          co_window_sun, co_window_4corner_a, glass_columns_a,
          grunt_ministairs_11, lemuel_blue_sif_altar, uniq_amaemon
D:12:     layout_rooms, st_stairs_4
D:13:     cheibrodos_orc_bank, layout_irregular_city,
          nicolae_trove_entry_crossroad
D:14:     layout_roguey, erik_vaults_2, serial_shops, kennysheep_mini,
          minmay_staircase_windowed_small
D:15:     grunt_enter_depths_magical_seal, layout_cave_pods,
          hangedman_decor_riveting, ebering_ghost_disaster_area
Temple:   nicolae_temple_elliptical
Lair:1:   layout_regular_city, grunt_megastairs_3, uniq_gastronok, uniq_urug
Lair:2:   layout_gridlike, minmay_snake_entry_spellcaster, serial_bayou_pond_b
Lair:3:   layout_hall_layers, chequers_serial_rivers_marsh, fungi_pond_lemuel,
          cheibrodos_lair_lostbears
Lair:4:   layout_layer_cave, nicolae_swamp_entry_splash_gauntlet,
          kennysheep_basilisk_garden, uniq_kirke
Lair:5:   layout_cellular_growth, slime_entry_1, uniq_snorg
Lair:6:   due_jungle_book, layout_regular_city, grunt_megastairs_2,
          infiniplex_staircase_pool
Swamp:1:  nicolae_swamp_wrong_neighborhood, layout_basic_swamp,
          nicolae_swamp_triple_paths, nzn_swamp_dancing_lights, uniq_jorgrun,
          uniq_frances, uniq_nikola
Snake:1:  layout_layer_cave, gammafunk_ghost_abyssal_escape
Orc:1:    lemuel_ogre_cave, layout_caves, nicolae_orc_sculptors_studio,
          uniq_josephine
Orc:2:    pf_orc_diabolical, layout_diamond_mine
Elf:1:    minmay_elf_arrival_summoners, layout_geoelf_grid, serial_shops, shop,
          minmay_elf_demonology
Depths:1: layout_roguey, enter_ziggurat_a, hell_entry, minmay_misc_feat_chi,
          nicolae_transmutations_shop, mumra_transporter_accident,
          dispersion_dpeg
Depths:2: hangedman_crystal_crosses_colossus [crystal_crosses_arms_two,
          crystal_crosses_arms_two, crystal_crosses_arms_one,
          crystal_crosses_arms_one], pan_entry, hell_entry
Hell

Skill      XL: |  1  2  3  4  5  6  7  8  9 10 11 12 13 14 15 16 17 |
---------------+----------------------------------------------------+-----
Fighting       | 4 5 6 7 13 16 18 19 20 | 20.0
Dodging        | 1 2 3 4 12 | 12.7
Maces & Flails | 3 4 5 6 7 8 10 12 14 15 16 17 | 17.7
Armour         | 4 5 6 9 11 12 13 14 15 | 15.6
Shields        | 4 5 6 7 8 10 11 13 15 | 15.0
Axes           | 1 4 5 8 |  8.2
Polearms       | 1 4 5 |  5.0
Staves         | 1 4 5 |  5.0
Invocations    | 2 5 10 | 10.1

Action                   |  1- 3 |  4- 6 |  7- 9 | 10-12 | 13-15 | 16-18 || total
-------------------------+-------+-------+-------+-------+-------+-------++-------
Melee: Flail             |    98 |   206 |   331 |   325 |       |       ||   960
       Headbutt          |     4 |    26 |    76 |   196 |   411 |   238 ||   951
       Unarmed           |       |     7 |       |       |       |       ||     7
       Eveningstar       |       |       |       |   391 |  1368 |   571 ||  2330
       Battleaxe         |       |       |       |       |       |    79 ||    79
       Great mace        |       |       |       |       |       |    19 ||    19
Invok: Divine Shield     |       |       |       |     3 |    17 |    12 ||    32
       Cleansing Flame   |       |       |       |       |     2 |     3 ||     5
       Summon Divine War |       |       |       |       |     1 |     1 ||     2
Evoke: Wand              |       |       |       |       |     1 |     2 ||     3
  Use: Scroll            |     1 |       |     8 |     9 |     6 |    11 ||    35
       Potion            |       |       |     2 |     5 |     4 |     7 ||    18
Armor: Scale mail        |    23 |       |   150 |   369 |   459 |    30 ||  1031
       Ring mail         |    12 |    87 |    14 |       |       |       ||   113
       Plate armour      |       |       |       |       |       |   270 ||   270
Dodge: Dodged            |    46 |   121 |   126 |   398 |   326 |   231 ||  1248
Block: Buckler           |    17 |    56 |    62 |   260 |   136 |       ||   531
       Kite shield       |       |       |       |       |   998 |    83 ||  1081
       Reflection        |       |       |       |       |    10 |    19 ||    29
       Tower shield      |       |       |       |       |       |   545 ||   545
       Other             |       |       |       |       |       |    98 ||    98

Table legend: (Time is in decaauts)
 A = Elapsed time spent in this place.
 B = Non-inter-level travel time spent in this place.
 C = Inter-level travel time spent in this place.
 D = Time resting spent in this place.
 E = Time spent auto-exploring this place.
 F = Levels seen in this place.
 G = Mean time per level.
                   A        B        C        D        E       F      G
               +--------+--------+--------+--------+--------+-----+--------+
         Total |  35288 |  34269 |   1019 |   7363 |  18678 |  33 | 1069.3 |
       Dungeon |  16058 |  15560 |    498 |   1939 |   9838 |  15 | 1070.5 |
        Temple |    269 |    260 |      9 |      0 |    135 |   1 |  269.0 |
          Lair |   8546 |   8201 |    345 |   1355 |   5083 |   6 | 1424.3 |
         Swamp |      1 |      1 |      0 |      0 |      0 |   1 |    1.0 |
     Snake Pit |    306 |    306 |      0 |    205 |     50 |   1 |  306.0 |
  Orcish Mines |   3702 |   3587 |    115 |    968 |   1645 |   2 | 1851.0 |
   Elven Halls |      5 |      5 |      0 |      0 |      0 |   1 |    5.0 |
        Depths |   4070 |   4020 |     50 |   2299 |    835 |   2 | 2035.0 |
          Hell |     64 |     64 |      0 |      0 |      0 |   1 |   64.0 |
         Abyss |    794 |    794 |      0 |    228 |    360 |   1 |  794.0 |
         Sewer |    575 |    575 |      0 |    109 |    341 |   1 |  575.0 |
        Bailey |    893 |    893 |      0 |    259 |    390 |   1 |  893.0 |
               +--------+--------+--------+--------+--------+-----+--------+

Top non-repeatable levels by time:
Depths:1: 4029 daAuts
   Orc:2: 2157 daAuts
  Lair:6: 2106 daAuts
     D:9: 1741 daAuts
  Lair:1: 1707 daAuts
    D:11: 1553 daAuts
   Orc:1: 1545 daAuts
  Lair:4: 1532 daAuts
     D:3: 1364 daAuts
     D:8: 1318 daAuts
  Lair:5: 1295 daAuts
     D:1: 1283 daAuts
    D:15: 1157 daAuts
    D:10: 1051 daAuts
     D:4: 1013 daAuts
